 Dungeon Crawl Stone Soup version 0.25-a0-589-g1e14c549ee (webtiles) character file.

Game seed: 12138509530347472888, levelgen mode: deterministic

340 Devinter the Quickloader (level 6, -1/37 HPs)
             Began as a Kobold Hunter on Mar 10, 2020.
             Killed from afar by an orc wizard (8 damage)
             ... with a magic dart
             ... on level 4 of the Dungeon.
             The game lasted 00:20:13 (4495 turns).

Devinter the Quickloader (Kobold Hunter)            Turns: 4495, Time: 00:20:13

Health: -1/37      AC:  4    Str: 10    XL:     6   Next: 86%
Magic:  6/6        EV: 15    Int: 12    God:
Gold:   186        SH:  0    Dex: 17    Spells: 5/5 levels left

rFire    . . .     SeeInvis .   h - +2 dagger (freeze)
rCold    . . .     Gourm    .   (shield restricted)
rNeg     . . .     Faith    .   c - +0 leather armour
rPois    .         Spirit   .   (no helmet)
rElec    .         Reflect  .   (no cloak)
rCorr    .         Harm     .   r - +0 pair of gloves
MR       .....                  (no boots)
Stlth    ++........             (no amulet)
HPRegen  0.12/turn              (no ring)
MPRegen  0.10/turn              (no ring)

@: no status effects
A: small, carnivore
a: no special abilities


You were on level 4 of the Dungeon.
You were not hungry.

You visited 1 branch of the dungeon, and saw 4 of its levels.
You also visited: Sewer.

You collected 186 gold pieces.

Inventory:

Hand Weapons
 a - a +1 hand crossbow
 h - a +2 dagger of freezing (weapon)
 v - a +0 rapier
 K - a +2 dagger of speed
Missiles
 b - 3 javelins
 d - 9 bolts
 e - 135 arrows
 n - 89 poisoned darts (quivered)
 t - a throwing net
Armour
 c - a +0 leather armour (worn)
 r - a +0 pair of gloves (worn)
 s - a +0 helmet
Jewellery
 l - an uncursed amulet of the acrobat {unknown}
 m - an uncursed ring of positive energy {unknown}
 D - an uncursed ring of resist corrosion
 H - a +3 ring of strength {unknown}
Wands
 E - a wand of digging (4)
 I - a wand of flame (23)
Scrolls
 g - 3 scrolls of enchant weapon {unknown}
 j - 2 scrolls of noise {unknown}
 p - a scroll of identify {unknown}
 x - 2 scrolls of fear {unknown}
 y - 3 scrolls of remove curse {unknown}
 A - 3 scrolls of teleportation {unknown}
 C - a scroll of magic mapping {unknown}
 G - a scroll of amnesia {unknown}
Potions
 i - a potion of brilliance {unknown}
 k - a potion of mutation {unknown}
 o - 2 potions of flight {unknown}
 q - a potion of berserk rage {unknown}
 u - a potion of lignification {unknown}
 w - 2 potions of heal wounds {unknown}
 z - a potion of cancellation {unknown}
 B - a potion of magic {unknown}
 F - 4 potions of curing {unknown}
 J - a potion of might {unknown}
Comestibles
 f - 9 rations


   Skills:
 + Level 3.0 Fighting
 + Level 3.0 Short Blades
 - Level 8.0 Crossbows
 + Level 3.0 Dodging
 - Level 2.0 Stealth


You had 5 spell levels left.
You didn't know any spells.
Your spell library contained the following spells:

 Spells                   Type           Power        Failure   Level  Hunger
 Beastly Appendage        Tmut           #.....       41%         1    ##.....
 Sticks to Snakes         Tmut           #.......     56%         2    ###....
 Spider Form              Tmut/Pois      #.........   80%         3    ####...
 Ice Form                 Ice/Tmut       #.......     99%         4    #####..
 Blade Hands              Tmut           #.........   100%        5    ######.


Dungeon Overview and Level Annotations

Branches:
Dungeon (4/15)              Sewer (visited)
 Temple: D:4-7

Altars:
Ashenzari
Uskayaw


Innate Abilities, Weirdness & Mutations

You are small and have problems with some larger weapons.
You are carnivorous and can eat meat at any time.


Message History

Throwing (i - inventory. (/) - cycle)
n - 91 poisoned darts (quivered)
Press: ? - help, Shift-Dir - straight line, f/p - orc wizard
Aim: an orc wizard, wielding a -1 dagger and wearing a +0 robe (heavily wounded, poisoned)
You throw a poisoned dart.
The poisoned dart barely misses the orc wizard.
The orc wizard gestures at you while chanting.
The magic dart hits you.
* * * LOW HITPOINT WARNING * * *
Throwing (i - inventory. (/) - cycle)
n - 90 poisoned darts (quivered)
Press: ? - help, Shift-Dir - straight line, f/p - orc wizard
Aim: an orc wizard, wielding a -1 dagger and wearing a +0 robe (severely wounded, poisoned)
You throw a poisoned dart. The poisoned dart hits the orc wizard.
The orc wizard looks even sicker.
The orc wizard is severely wounded.
The orc wizard casts a spell at you. The magic dart hits you!
* * * LOW HITPOINT WARNING * * *
The orc wizard points at you and mumbles some strange words.
The magic dart hits you!
You die...

.....#..####...##.###.#
##.....(.########.....#
####.....# ###.### ##...##
###.# ##.## ##.#.# #.# #....###
#####################......##
#.................(.#...##...
###...#...#..@#...#. ##.###...
#.............o(((.(_ #.###...
#.#...#...#..)#...#..##.##...≈
##....................#...#...≈
#.#####################.......≈
##.#..# #.##...##... ##.[##
#........... #.## #####.###...
#.# #.# ####


You could see an orc wizard.

Vanquished Creatures
  A scorpion (D:4)
  2 orc priests (D:4)
  A hound (D:4)
  An orc wizard (D:3)
  4 adders
  2 river rats (D:4)
  An adder skeleton (D:4)
  A worm (D:4)
  A leopard gecko (D:3)
  13 orcs
  2 giant cockroaches (D:2)
  3 hobgoblins
  13 jackals
  12 kobolds
  3 quokkas
  8 ball pythons
  8 bats
  5 frilled lizards
  12 goblins
  A leopard gecko skeleton (D:4)
  9 rats
  4 plants (Sewer)
107 creatures vanquished.

Vanquished Creatures (others)
  A plant (Sewer)
1 creature vanquished.

Grand Total: 108 creatures vanquished

Notes
Turn   | Place    | Note
-------+----------+-------------------------------------------
     0 | D:1      | Devinter the Kobold Hunter began the quest for the Orb.
     0 | D:1      | Reached XP level 1. HP: 12/12 MP: 1/1
   119 | D:1      | Reached XP level 2. HP: 6/18 MP: 2/2
   124 | D:1      | Reached skill level 5 in Crossbows
   442 | D:1      | Reached skill level 2 in Stealth
  1059 | D:1      | Reached XP level 3. HP: 21/22 MP: 3/3
  1266 | D:2      | Reached skill level 1 in Short Blades
  1270 | D:2      | Reached skill level 3 in Dodging
  1326 | D:2      | Reached XP level 4. HP: 21/27 MP: 4/4
  1353 | D:2      | Reached skill level 3 in Fighting
  1514 | D:2      | Reached skill level 2 in Short Blades
  1543 | D:2      | Noticed a +0 dagger
  1543 | D:2      | Noticed a +0 dagger
  1544 | D:2      | Found a hide-covered altar of Uskayaw.
  2266 | D:3      | Reached XP level 5. HP: 22/32 MP: 5/5
  2305 | D:3      | Reached skill level 3 in Short Blades
  2440 | D:3      | Reached skill level 6 in Crossbows
  2792 | D:4      | Found a glowing drain.
  2837 | Sewer    | Entered a sewer
  3190 | Sewer    | Reached XP level 6. HP: 31/37 MP: 6/6
  3816 | Sewer    | Reached skill level 7 in Crossbows
  4478 | D:4      | Reached skill level 8 in Crossbows
  4495 | D:4      | Found a shattered altar of Ashenzari.
  4495 | D:4      | Killed from afar by an orc wizard

Levels and vault maps discovered:
D:1:      dpeg_arrival_subterranean_lakeside_camping, layout_basic,
          supply_closet_lemuel
D:2:      layout_rooms, dancing_weapons_uskayaw
D:3:      layout_loops_ring, lemuel_statue_altar
D:4:      layout_loops_corners, lemuel_coloured_pillars_altar,
          portal_sewer_entry_a, corexii_corridor_pit

Skill      XL: |  1  2  3  4  5  6 |
---------------+-------------------+-----
Crossbows      | 5 6 8 |  8.0
Stealth        | 2 |  2.0
Short Blades   | 1 2 3 |  3.0
Dodging        | 3 |  3.0
Fighting       | 3 |  3.0

Action                   |  1- 3 |  4- 6 || total
-------------------------+-------+-------++-------
Melee: Short sword       |    54 |       ||    54
       Dagger            |    45 |   464 ||   509
 Fire: Hand crossbow     |     2 |    25 ||    27
Throw: Dart              |     2 |     7 ||     9
Evoke: Wand              |       |     8 ||     8
 Stab: Sleeping          |     2 |     1 ||     3
       Distracted        |       |     1 ||     1
  Eat: Chunk             |     5 |     8 ||    13
Armor: Leather armour    |    22 |    35 ||    57
Dodge: Dodged            |    74 |   137 ||   211

Table legend:
 A = Non-vault XP
 B = Vault XP
 C = Vault XP percentage of total XP
 D = Non-vault monster count
 E = Vault monster count
 F = Vault count percentage of total count
                 A         B        C        D         E       F
            +---------+---------+-------+---------+---------+-------
      Total |     415 |      71 |  14.6 |      71 |      32 |  31.1
            +---------+---------+-------+---------+---------+-------
        D:1 |      25 |       8 |  24.2 |      15 |       6 |  28.6
        D:2 |      57 |       0 |   0.0 |      20 |       0 |   0.0
        D:3 |      81 |       0 |   0.0 |      19 |       0 |   0.0
        D:4 |     252 |      29 |  10.3 |      17 |       4 |  19.0
      Sewer |       0 |      34 | 100.0 |       0 |      22 | 100.0
            +---------+---------+-------+---------+---------+-------
